cohdb
Replays
Latest Replays
All Replays
Popular Replays
Top Player Replays
Match Explorer
How It Works
Community
CoH3 Stats
Reddit
Sign in to upload your games and track your stats! →
Sign in with Steam
Match 44890551
Unlisted
Match 44890551
Overview
Messages
Build Orders
End
Kettenkrad Recon Vehicle
Construct Infanterie Kompanie
MG 42 Machine Gun Team
Grenadier Squad
GrW 34 Mortar Team
Construct Panzergrenadier Kompanie
MG 42 Machine Gun Team
Medical Station
Pak 40 Anti-tank Gun Team
Selects Breakthrough Battlegroup
Selects 2.5-tonne Cargo Truck
Selects Assault Grenadiers
Panzergrenadier Squad
Panzergrenadier Squad
Construct Panzer Kompanie
2.5-tonne Cargo Truck
Selects Blitzkrieg
MG 42 Bunker
Sturmpanzer IV Brummbär
Selects Smoke Bombing Run
Smoke Bombing Run
Selects Incendiary Bombing Run
Incendiary Bombing Run
Panzer IV Medium Tank
Kettenkrad Recon Vehicle
Side Skirts
Nukepapa
Fajolada
IMBurnin
Snipes
0
0
Comments
sign in to comment!
No comments posted yet!